 Seeded DCSS version 0.29-a0-1065-g47a6bb87d6 (webtiles) character file.

Game seed: 1 (custom seed)

34 Kazon the Covered (level 3, 0/30 HPs)
             Began as a Demigod Fighter on Aug 18, 2022.
             Slain by a gnoll
             ... wielding a +0 spear
              (6 damage)
             ... on level 2 of the Dungeon.
             The game lasted 00:04:48 (697 turns).

Kazon the Covered (Demigod Fighter)                  Turns: 697, Time: 00:04:49

Health: 0/30       AC: 11    Str: 21    XL:     3   Next: 1%
Magic:  0/0        EV:  5    Int: 10    God:
Gold:   121        SH:  4    Dex: 13    Spells: 2/2 levels left

rFire   . . .      SeeInvis .   a - +0 long sword
rCold   . . .      Faith    .   c - +0 buckler
rNeg    + + .      Spirit   .   e - +0 plate armour of Dishonour {rN++ MP-9 Slay+2}
rPois   .          Reflect  .   (no helmet)
rElec   .          Harm     .   (no cloak)
rCorr   .          Rampage  .   (no gloves)
Will    .....                   (no boots)
Stlth   ..........              b - amulet of the acrobat
HPRegen 0.10/turn               (no ring)
MPRegen 0.07/turn               (no ring)

@: mighty
A: high MP 1, forlorn, divine attributes
a: no special abilities


You were on level 2 of the Dungeon.
You visited 1 branch of the dungeon, and saw 2 of its levels.

You collected 121 gold pieces.

Inventory:

Hand Weapons
 a - a +0 long sword (weapon)
Armour
 c - a +0 buckler (worn)
 e - the +0 plate armour of Dishonour (worn) {rN++ MP-9 Slay+2}
   (You acquired it on level 1 of the Dungeon)

   Slay:      It affects your accuracy & damage with ranged weapons and melee
   (+2).
   rN:        It greatly protects you from negative energy.
   MP:        It affects your magic capacity (-9).
Jewellery
 b - an amulet of the acrobat (around neck)
Scrolls
 i - a scroll of identify {unknown}
Potions
 f - a potion of haste {unknown}
 g - a potion of flight {unknown}
 h - a potion of attraction {unknown}


   Skills:
 + Level 2.8 Fighting
 + Level 2.2 Long Blades
 + Level 3.3 Armour
 + Level 0.1 Dodging
 + Level 2.9 Shields


You had 2 spell levels left.
You didn't know any spells.
Your spell library was empty.

Dungeon Overview and Level Annotations

Branches:
Dungeon (2/15)


Innate Abilities, Weirdness & Mutations

You have an increased reservoir of magic. (+10% MP)
You shall have no god before yourself.
Your divine heritage dramatically boosts your attributes as you level up.


Message History

The goblin hits you but does no damage.
You feel very mighty all of a sudden.
The gnoll hits you but does no damage. x2; You block the goblin's attack.
You closely miss the goblin.
The goblin is heavily wounded.
The gnoll hits you but does no damage. The gnoll hits you with a +0 whip.
The goblin hits you but does no damage.
The gnoll hits you from afar with a +0 spear.
You block the gnoll's attack.
You closely miss the goblin.
The goblin is heavily wounded.
The goblin hits you but does no damage. The gnoll barely misses you. x2
The goblin hits you but does no damage.
You slash the goblin!
You kill the goblin!
You block the gnoll's attack. The gnoll hits you with a +0 whip.
You slash the endoplasm!
You kill the endoplasm!
The gnoll hits you from afar with a +0 spear.
The gnoll barely misses you. The gnoll hits you but does no damage.
The gnoll barely misses you.
You have reached level 3!
Your experience leads to a dramatic increase in your attributes!
Increase (S)trength, (I)ntelligence, or (D)exterity?
You feel stronger. x4
You closely miss the gnoll.
The gnoll hits you but does no damage. x2
You barely miss the gnoll. The gnoll hits you but does no damage.
You block the gnoll's attack.
You closely miss the gnoll.
The gnoll hits you from afar with a +0 spear.
The gnoll hits you with a +0 whip!
* * * LOW HITPOINT WARNING * * *
The gnoll hits you but does no damage. x2
You slash the gnoll!
The gnoll is severely wounded.
You block the gnoll's attack. The gnoll hits you but does no damage.
You slash the gnoll!
You kill the gnoll!
The gnoll hits you from afar with a +0 spear.
You die...

################
.......SKg)@)..#
.(.....S######.#
#########.##
#....)..(..#
#.#######g.#
##.## #..#
###...#### #KS#
#........# #S..
#.#...##.# #....


You could see a gnoll, an adder, a ball python and a kobold.

Vanquished Creatures
  2 gnolls (D:2)
  5 endoplasms
  A giant cockroach (D:1)
  5 goblins
  2 hobgoblins (D:1)
  A kobold (D:1)
  A quokka (D:1)
  A bat (D:1)
  A frilled lizard (D:2)
  3 rats (D:1)
22 creatures vanquished.

Notes
Turn   | Place    | Note
-------+----------+-------------------------------------------
     0 | D:1      | Kazon the Demigod Fighter began the quest for the Orb.
     0 | D:1      | Reached XP level 1. HP: 18/18 MP: 3/3
    87 | D:1      | Identified a scroll of acquirement
    87 | D:1      | Acquired the +0 plate armour of Dishonour {rN++ MP-9
                  | Slay+2}
   174 | D:1      | Reached skill level 3 in Armour
   276 | D:1      | Reached XP level 2. HP: 25/25 MP: 0/4
   693 | D:2      | Reached XP level 3. HP: 15/30 MP: 0/5
   697 | D:2      | Slain by a gnoll

Illustrated notes

Levels and vault maps discovered:
D:1:      dpeg_arrival_three_smaller_balls, layout_basic
D:2:      layout_loops_ring

Skill      XL: |  1  2 |
---------------+-------+-----
Armour         | 3 |  3.3
Long Blades    | 2 |  2.2
Fighting       | |  2.8
Dodging        | |  0.1
Shields        | |  2.9

Action                   || total
-------------------------++-------
Melee: Long sword        ||    63
  Use: Scroll            ||     1
       Potion            ||     1
Armor: Plate armour      ||    47
       Scale mail        ||    11
Dodge: Dodged            ||    19
Block: Buckler           ||    21

Table legend: (Time is in decaauts)
 A = Elapsed time spent in this place.
 B = Non-inter-level travel time spent in this place.
 C = Inter-level travel time spent in this place.
 D = Time resting spent in this place.
 E = Time spent auto-exploring this place.
 F = Levels seen in this place.
 G = Mean time per level.
                   A        B        C        D        E       F      G
               +--------+--------+--------+--------+--------+-----+--------+
         Total |    718 |    710 |      8 |      0 |     75 |   2 |  359.0 |
       Dungeon |    718 |    710 |      8 |      0 |     75 |   2 |  359.0 |
               +--------+--------+--------+--------+--------+-----+--------+

Top non-repeatable levels by time:
     D:1: 645 daAuts
     D:2: 73 daAuts
